 Dungeon Crawl Stone Soup version 0.26-a0-572-g753d7e3450 (webtiles) character file.

Game seed: 9113243448298026862

1042 ReteAZ the Grave Robber (level 8, -4/58 HPs)
             Began as a Gnoll Necromancer on Aug 21, 2020.
             Was a Follower of Cheibriados.
             Slain by Menkaure (15 damage)
             ... on level 6 of the Dungeon.
             The game lasted 00:10:41 (5755 turns).

ReteAZ the Grave Robber (Gnoll Necromancer)         Turns: 5755, Time: 00:10:42

Health: -4/58      AC: 10    Str: 18 (19) XL:     8   Next: 25%
Magic:  25/25      EV: 15    Int: 21 (22) God:    Cheibriados [*.....]
Gold:   51         SH:  0    Dex: 19 (21) Spells: 9/18 levels left

rFire    + + .     SeeInvis .   x - +7 spear of Beogh's Castigation {pain, Str+7 Stlth+}
rCold    + . .     Faith    .   (no shield)
rNeg     . . .     Spirit   .   d - +1 ring mail {rF+}
rPois    +         Reflect  .   q - +0 helmet
rElec    +         Harm     .   (no cloak)
rCorr    +                      y - +0 pair of gloves {Dex+3}
MR       +....                  k - +0 pair of boots
Stlth    ++........             r - amulet of regeneration
HPRegen  0.59/turn              t - ring of magical power
MPRegen  0.19/turn              h - ring of protection from magic

@: confused, mighty, brilliant, resistant, stab, very slow
A: distributed training, fangs 1, strong nose
a: Bend Time, Renounce Religion


You were on level 6 of the Dungeon.
You worshipped Cheibriados.
Cheibriados was aware of your devotion.
You visited 2 branches of the dungeon, and saw 7 of its levels.

You collected 212 gold pieces.
You spent 161 gold pieces at shops.

Inventory:

Hand Weapons
 c - a +0 vorpal mace
 w - a +5 whip
 x - the +7 spear of Beogh's Castigation (weapon) {pain, Str+7 Stlth+}
   (You took it off an orc on level 4 of the Dungeon)

   In the hands of one skilled in necromantic magic, it inflicts extra damage on
   living creatures.
   It affects your strength (+7).
   It makes you more stealthy.
Missiles
 v - a throwing net
 C - 9 poisoned darts (quivered)
Armour
 a - a +0 robe
 d - a +1 ring mail of fire resistance (worn)
 k - a +0 pair of boots (worn)
 m - a +0 kite shield
 q - a +0 helmet (worn)
 y - a +0 pair of gloves of dexterity (worn)
Jewellery
 h - a ring of protection from magic (right hand)
 l - an uncursed ring of resist corrosion
 r - an amulet of regeneration (around neck)
 t - a ring of magical power (left hand)
Wands
 B - a wand of paralysis (10)
 H - a wand of flame (21)
Scrolls
 b - 3 scrolls of teleportation
 e - 2 scrolls of enchant weapon
 f - 4 scrolls of random uselessness
 i - 4 scrolls of identify
 u - a scroll of noise
 E - a scroll of magic mapping
 G - a scroll of amnesia {unknown}
Potions
 j - a potion of might
 o - a potion of stabbing
 A - a potion of resistance


   Skills:
 + Level 3.1 Fighting
 + Level 3.1 Short Blades
 + Level 3.1 Long Blades
 + Level 3.1 Axes
 + Level 3.1 Maces & Flails
 + Level 3.1 Polearms
 + Level 3.1 Staves
 + Level 3.1 Slings
 + Level 3.1 Bows
 + Level 3.1 Crossbows
 + Level 3.1 Throwing
 + Level 3.1 Armour
 + Level 5.6 Dodging
 + Level 5.2 Stealth
 + Level 3.1 Shields
 + Level 3.1 Unarmed Combat
 + Level 5.9 Spellcasting
 + Level 2.5 Conjurations
 + Level 2.5 Hexes
 + Level 2.5 Summonings
 + Level 7.6 Necromancy
 + Level 2.5 Translocations
 + Level 2.5 Transmutations
 + Level 2.5 Fire Magic
 + Level 2.5 Ice Magic
 + Level 2.5 Air Magic
 + Level 2.5 Earth Magic
 + Level 2.5 Poison Magic
 + Level 3.4 Invocations
 + Level 3.1 Evocations


You had 9 spell levels left.
You knew the following spells:

 Your Spells              Type           Power        Failure   Level
a - Pain                  Necr           ####         1%          1
b - Animate Skeleton      Necr           ######       1%          1
c - Vampiric Draining     Necr           ######....   2%          3
d - Animate Dead          Necr           ######....   8%          4

Your spell library contained the following spells:

 Spells                   Type           Power        Failure   Level
 Corona                   Hex            ####...      6%          1
 Magic Dart               Conj           ####         6%          1
 Searing Ray              Conj           ####..       9%          2
 Slow                     Hex            ####....     9%          2
 Dazzling Flash           Conj/Hex       ####..       19%         3
 Inner Flame              Hex/Fire       ####....     19%         3
 Portal Projectile        Hex/Tloc       ####..       19%         3
 Agony                    Necr           ######..     21%         5
 Cause Fear               Hex            ####......   52%         4
 Fulminant Prism          Conj/Hex       ####......   52%         4
 Iskenderun's Mystic Bla  Conj/Tloc      ####....     52%         4
 Leda's Liquefaction      Hex/Erth       ####......   52%         4


Dungeon Overview and Level Annotations

Branches:
Dungeon (6/15)             Temple (1/1) D:4

Altars:
Ashenzari
Cheibriados
Fedhas
Hepliaklqana
Kikubaaqudgha
Makhleb
Okawaru
Qazlal
Ru
Sif Muna
Trog
Uskayaw
Vehumet
Wu Jian
Xom
Yredelemnul
Zin
The Shining One

Shops:
D:4 [

Annotations:
D:6 Menkaure


Innate Abilities, Weirdness & Mutations

Your experience applies equally to all skills.
You have very sharp teeth.
Your uncanny sense of smell can sniff out nearby items.


Message History

You feel ready to backstab. Menkaure closely misses you.
It was a potion of resistance.
You feel protected. Menkaure hits you!!
* * * LOW HITPOINT WARNING * * *
It was a potion of magic.
Magic courses through your body. Menkaure barely misses you.
It was a potion of degeneration.
There was something very wrong with that liquid.
You feel weakened.
You feel dopey.
You feel clumsy. Menkaure barely misses you.
It was a potion of brilliance.
You feel clever all of a sudden.
It was a potion of curing.
You feel better. Menkaure hits you!
* * * LOW HITPOINT WARNING * * *
It was a potion of ambrosia.
You are confused.
You feel invigorated. Menkaure hits you!
You die...

...# *,,,* ...# *,,,*
...# *,,,*
#'############**,,*
#.#.........#.###+#
....#.......#.....#
....'.......#.....#
....#.......#...M.#
....#.......#...@.#
#...#.......###'####
##'###########.?...#
.............'.....#
.<ยง..........#.....#
#.############.....#
#.######.##....#####
..'.......#....#
..#.......'....#


You could see Menkaure.

Vanquished Creatures
  A sky beast (D:5)
  An ogre (D:4)
  A scorpion (D:4)
  2 bullfrog zombies (D:5)
  3 orc priests (D:4)
  A quasit (D:5)
  2 hounds
  An orc wizard (D:3)
  2 bullfrog skeletons
  A centaur skeleton (D:2)
  2 iguanas
  2 worker ants
  A hound skeleton (D:4)
  4 gnolls (D:4)
  12 adders
  2 white imps (D:5)
  An ufetubus (D:5)
  4 oozes
  An adder skeleton (D:4)
  A dart slug (D:2)
  5 leopard geckos
  17 orcs
  7 giant cockroaches
  3 goblins
  9 hobgoblins
  18 jackals
  5 quokkas
  4 bats
  3 frilled lizards
  4 kobolds
  6 rats
126 creatures vanquished.

Vanquished Creatures (collateral kills)
  A hound (D:4)
1 creature vanquished.

Grand Total: 127 creatures vanquished

Notes
Turn   | Place    | Note
-------+----------+-------------------------------------------
     0 | D:1      | ReteAZ the Gnoll Necromancer began the quest for the Orb.
     0 | D:1      | Reached XP level 1. HP: 13/13 MP: 6/6
   181 | D:1      | Reached XP level 2. HP: 15/19 MP: 2/7
   204 | D:1      | Learned a level 1 spell: Animate Skeleton
   753 | D:1      | Reached XP level 3. HP: 24/25 MP: 6/9
   938 | D:1      | Reached skill level 5 in Spellcasting
  1168 | D:2      | Reached skill level 1 in Fighting
  1168 | D:2      | Reached skill level 1 in Short Blades
  1168 | D:2      | Reached skill level 1 in Long Blades
  1168 | D:2      | Reached skill level 1 in Axes
  1168 | D:2      | Reached skill level 1 in Maces & Flails
  1168 | D:2      | Reached skill level 1 in Polearms
  1168 | D:2      | Reached skill level 1 in Staves
  1168 | D:2      | Reached skill level 1 in Slings
  1168 | D:2      | Reached skill level 1 in Bows
  1168 | D:2      | Reached skill level 1 in Crossbows
  1168 | D:2      | Reached skill level 1 in Throwing
  1168 | D:2      | Reached skill level 1 in Armour
  1168 | D:2      | Reached skill level 1 in Shields
  1168 | D:2      | Reached skill level 1 in Unarmed Combat
  1168 | D:2      | Reached skill level 1 in Invocations
  1168 | D:2      | Reached skill level 1 in Evocations
  1168 | D:2      | Reached XP level 4. HP: 30/32 MP: 7/11
  1617 | D:2      | Reached skill level 1 in Conjurations
  1617 | D:2      | Reached skill level 1 in Hexes
  1617 | D:2      | Reached skill level 1 in Summonings
  1617 | D:2      | Reached skill level 1 in Translocations
  1617 | D:2      | Reached skill level 1 in Transmutations
  1617 | D:2      | Reached skill level 1 in Fire Magic
  1617 | D:2      | Reached skill level 1 in Ice Magic
  1617 | D:2      | Reached skill level 1 in Air Magic
  1617 | D:2      | Reached skill level 1 in Earth Magic
  1617 | D:2      | Reached skill level 1 in Poison Magic
  1747 | D:2      | Reached XP level 5. HP: 24/37 MP: 12/12
  2314 | D:3      | Learned a level 3 spell: Vampiric Draining
  3026 | D:3      | Learned a level 4 spell: Animate Dead
  3029 | D:3      | Reached XP level 6. HP: 43/44 MP: 10/13
  3784 | D:4      | Reached skill level 5 in Dodging
  4046 | D:4      | Identified the +7 spear of Beogh's Castigation {pain, Str+7
                  | Stlth+}
  4238 | D:4      | Reached XP level 7. HP: 50/50 MP: 15/15
  4423 | D:4      | Found a staircase to the Ecumenical Temple.
  4441 | Temple   | Entered the Ecumenical Temple
  4483 | Temple   | Became a worshipper of Cheibriados the Contemplative
  4502 | D:4      | Found Kuezufo's Armour Shop.
  4517 | D:4      | Reached skill level 5 in Stealth
  4583 | D:4      | Bought a +0 pair of gloves of dexterity for 161 gold pieces
  4772 | D:5      | Entered Level 5 of the Dungeon
  5017 | D:5      | Reached XP level 8. HP: 52/57 MP: 16/16
  5292 | D:5      | Reached * piety under Cheibriados
  5716 | D:6      | Noticed Menkaure
  5755 | D:6      | Slain by Menkaure

Illustrated notes

Levels and vault maps discovered:
D:1:      minmay_arrival_loop, layout_basic
D:2:      layout_loops_ring
D:3:      layout_basic
D:4:      layout_basic, minmay_temple_entry_statues_fountains, serial_shops,
          shop
D:5:      layout_gridville, hangedman_decor_push, minmay_statues_item
D:6:      layout_gridville, cheibrodos_sewer_entry_bend, palyth_stone_intersect,
          uniq_menkaure
Temple:   grunt_wide_crystal_templ

Skill      XL: |  1  2  3  4  5  6  7  8 |
---------------+-------------------------+-----
Spellcasting   | 5 |  5.9
Fighting       | 1 2 3 |  3.1
Short Blades   | 1 2 3 |  3.1
Long Blades    | 1 2 3 |  3.1
Axes           | 1 2 3 |  3.1
Maces & Flails | 1 2 3 |  3.1
Polearms       | 1 2 3 |  3.1
Staves         | 1 2 3 |  3.1
Slings         | 1 2 3 |  3.1
Bows           | 1 2 3 |  3.1
Crossbows      | 1 2 3 |  3.1
Throwing       | 1 2 3 |  3.1
Armour         | 1 2 3 |  3.1
Shields        | 1 2 3 |  3.1
Unarmed Combat | 1 2 3 |  3.1
Invocations    | 1 2 3 |  3.4
Evocations     | 1 2 3 |  3.1
Conjurations   | 1 2 |  2.5
Hexes          | 1 2 |  2.5
Summonings     | 1 2 |  2.5
Translocations | 1 2 |  2.5
Transmutations | 1 2 |  2.5
Fire Magic     | 1 2 |  2.5
Ice Magic      | 1 2 |  2.5
Air Magic      | 1 2 |  2.5
Earth Magic    | 1 2 |  2.5
Poison Magic   | 1 2 |  2.5
Dodging        | 5 |  5.6
Stealth        | 5 |  5.2
Necromancy     | |  7.6

Action                   |  1- 3 |  4- 6 |  7- 9 || total
-------------------------+-------+-------+-------++-------
Melee: Mace              |    25 |    12 |       ||    37
       Bite              |     5 |     3 |    14 ||    22
       Punch             |       |     1 |     1 ||     2
       Spear             |       |    10 |   112 ||   122
       Whip              |       |     9 |       ||     9
 Cast: Pain              |    29 |   130 |     6 ||   165
       Animate Skeleton  |     1 |    10 |     3 ||    14
       Animate Dead      |       |       |     1 ||     1
  Use: Scroll            |       |       |     8 ||     8
       Potion            |       |       |     8 ||     8
 Stab: Sleeping          |     2 |     1 |    11 ||    14
       Distracted        |       |       |     1 ||     1
Armor: Robe              |     2 |       |       ||     2
       Ring mail         |     5 |     9 |    30 ||    44
Dodge: Dodged            |    26 |    34 |    94 ||   154

Table legend: (Time is in decaauts)
 A = Elapsed time spent in this place.
 B = Non-inter-level travel time spent in this place.
 C = Inter-level travel time spent in this place.
 D = Time resting spent in this place.
 E = Time spent auto-exploring this place.
 F = Levels seen in this place.
 G = Mean time per level.
                   A        B        C        D        E       F      G
               +--------+--------+--------+--------+--------+-----+--------+
         Total |   6058 |   5797 |    261 |     68 |   4668 |   7 |  865.4 |
       Dungeon |   6005 |   5753 |    252 |     68 |   4632 |   6 | 1000.8 |
        Temple |     52 |     43 |      9 |      0 |     36 |   1 |   52.0 |
               +--------+--------+--------+--------+--------+-----+--------+

Top non-repeatable levels by time:
     D:3: 1571 daAuts
     D:1: 1117 daAuts
     D:2: 1098 daAuts
     D:5: 1035 daAuts
     D:4: 1005 daAuts
     D:6: 177 daAuts
  Temple: 52 daAuts
